 Dungeon Crawl Stone Soup version 0.02-195-g79a12fe (webtiles) character file.

Game seed: 4709550456600918910, levelgen mode: deterministic

2635 Kalegnar the Ducker (level 9, 0/66 HPs) Mummified Gnoll. Began on Oct 30, 2020. Was a Believer of Makhleb. Slain by a worker ant (6 damage) ... on level 5 of the Dungeon on Oct 31, 2020. The game lasted 00:24:02 (3862 turns).

Kalegnar the Ducker (Gnoll Mummy)                   Turns: 3862, Time: 00:24:02

Health: 0/66       AC:  5    Str: 13    XL:     9 ^: 883
Magic:  13/29      EV: 16    Int: 20    God:    Makhleb [2* [74]]
Gold:   260        SH:  0    Dex: 14    Spells: 11/22 levels left

rFire    x . .     Vision   .   a - +0 whip
rCold    + . .     Gourm    .   q - +2 dagger (distort)
rNeg     + + +     Faith    .   b - +0 leather armour rPois āˆž Spirit .
                                i - +1 hat
rElec    .         Reflect  .   h - +0 cloak
rCorr    .         Harm     .   (no gloves)
MR       .....                  (no boots)
Stlth    +++.......             (no amulet)
HPRegen  0.32/turn              g - ring of wizardry
MPRegen  0.39/turn              n - ring of magical power

@: skeletal uprising
A: distributed training, fangs 1, cold resistance 1, negative energy resistance
3, torment resistance, unbreathing, heat vulnerability 1, in touch with death 1,
strong nose
a: End Uprising, Minor Destruction, Renounce Religion


You were on level 5 of the Dungeon.
You worshipped Makhleb.
Makhleb was pleased with you.
You were not hungry.

You visited 1 branch of the dungeon, and saw 5 of its levels.

You collected 260 gold pieces.

Inventory:

Weapons
 a - a +0 whip (weapon)
 q - a +2 dagger of distortion (weapon) Shields
 f - a +0 targe
Armour
 b - a +0 leather armour (worn)
 h - a +0 cloak (worn)
 i - a +1 hat (worn)
Jewellery
 g - a ring of wizardry (left hand)
 m - a cursed amulet of the acrobat {(Curse: *Tele)}
 n - a ring of magical power (right hand)
 o - the cursed amulet "Itwe" {Gourm MP+9 Int+4 Dex+3, (Curse: *Drain Str-4)}
   (You took it off an iron imp on level 4 of the Dungeon)

   [amulet of the gourmand]

   It allows you to eat raw meat even when not hungry.
   It affects your intelligence (+4).
   It affects your dexterity (+3).
   It affects your magic capacity (+9).
   It has a curse placed upon it.
   { (Curse: *Drain Str-4)}
Scrolls
 c - a scroll of torment
 d - a scroll of acquirement
 e - a scroll of fear
 j - 2 scrolls of fog
 k - 2 scrolls of enchantment
 l - 2 scrolls of teleportation
 p - a scroll of amnesia


   Skills:
 + Level 4.4 Fighting
 + Level 3.6 Short Blades
 + Level 3.6 Long Blades
 + Level 3.6 Axes & Hammers
 + Level 5.9 Whips & Flails
 + Level 3.6 Polearms
 + Level 3.6 Maces & Staves
 + Level 3.6 Slings
 + Level 3.6 Bows
 + Level 3.6 Crossbows
   Level 0.0 Throwing
 + Level 3.6 Armour
 + Level 7.5 Dodging
 + Level 5.6 Stealth
 + Level 3.6 Shields
 + Level 3.6 Unarmed Combat
 + Level 7.4 Spellcasting
 + Level 3.0 Hexes
 + Level 3.0 Charms
 + Level 3.0 Summonings
 + Level 7.1 Necromancy
 + Level 3.0 Translocations
 + Level 3.0 Transmutations
 + Level 3.0 Fire Magic
 + Level 3.0 Ice Magic
 + Level 3.0 Air Magic
 + Level 3.0 Earth Magic
 + Level 3.0 Poison Magic
 + Level 4.0 Invocations
 + Level 3.6 Evocations


You had 11 spell levels left.
You knew the following spells:

 Your Spells              Type           Power        Failure   Level  Hunger
a - Pain                  Hex/Necr       25 (25)      1%          1    N/A
b - Vampiric Draining     Necr           52 (200)     1%          3    N/A
c - Pryten's Skeletal Up  Chrm/Necr      41 (200)     1%          3    N/A
d - Animate Dead          Necr           N/A          2%          4    N/A

Your spell library contained the following spells:

 Spells                   Type           Power        Failure   Level  Hunger
 Regeneration             Chrm/Necr      Unusable     N/A         3    N/A

Dungeon Overview and Level Annotations

Branches:
Dungeon (5/8)              Temple (0/1) D:4
   Lair: D:5

Altars:
Elyvilon
Makhleb


Innate Abilities, Weirdness & Mutations

Your experience applies equally to all skills.
You are immune to poison.
You have very sharp teeth.
You are cold resistant. (rC+)
You are immune to negative energy. (rN+++)
You are immune to unholy pain and torment.
You can survive without breathing.
You are vulnerable to heat. (rF-)
You are in touch with the powers of death.
Your uncanny sense of smell can sniff out nearby items.


Message History

You feel a surge of power!
The hippogriff is heavily wounded. (25/42) HP You feel life coursing into your body.
The hippogriff completely misses you (0).
The hippogriff pecks you (1).
* * * LOW HITPOINT WARNING * * *
The hippogriff claws you (2).
* * * LOW HITPOINT WARNING * * *
You hear a distant slurping noise.
Casting: Vampiric Draining (safe; 1% risk of failure)
Confirm with . or Enter, or press ? or * to list all spells.
Aiming: Vampiric Draining (safe; 1% risk of failure)
Press: ? - help, Shift-Dir - straight line, f/p - hippogriff
Aim: a hippogriff (heavily wounded (25/42))
You feel a surge of power!
The hippogriff is severely wounded. (13/42) HP You feel life coursing into your body.
The hippogriff bites you (8)!
* * * LOW HITPOINT WARNING * * *
The hippogriff barely misses you (0). x2; The worker ant bites you (6).
You die...

#### ..... .....######
..........###########
........)%.)@H.......
#####'#'#<#.###a###.##
#.........#.# #.c<#
#........y#.# #####
#.......H.#.. āˆ†
#........######
#####[#.O.......
.......Zā€ ..#####
#######o##.#


You could see a hippogriff, a centaur and a worker ant.

Vanquished Creatures
  A hippogriff (D:5)
  A water moccasin (D:2)
  An ice beast (D:4)
  A porcupine (D:3)
  3 scorpions
  A sky beast (D:4)
  An ogre (D:3)
  2 big kobolds (D:2)
  A centaur (D:5)
  3 killer bees
  3 hounds
  2 orc priests (D:3)
  6 jellies
  3 orc wizards
  3 worker ants
  8 giant cockroaches
  An iron imp (D:4)
  A bullfrog skeleton (D:3)
  9 adders
  7 gnolls (D:3)
  13 sewer rats
  A white imp (D:4)
  5 cinder newts
  6 worms
  2 oozes (D:2)
  3 dart slugs (D:1)
  6 leopard geckos
  8 orcs
  An adder skeleton (D:2)
  6 ball pythons
  2 bats
  3 goblins (D:1)
  5 hobgoblins (D:1)
  A quokka (D:3)
  A bat skeleton (D:2)
  2 goblin skeletons (D:2)
  11 kobolds
  A leopard gecko skeleton (D:2)
  A quokka skeleton (D:5)
  5 rats (D:1)
  A plant (D:1)
  3 withered plants (D:2)
145 creatures vanquished.

Vanquished Creatures (collateral kills)
  A scorpion (D:4)
  A sky beast (D:3)
  An ice beast (D:4)
  A bullfrog (D:4)
  2 jellies (D:4)
  2 worker ants (D:4)
  An adder (D:2)
  A gnoll (D:3)
  A sewer rat (D:2)
  A worker ant zombie (D:5)
  2 orcs (D:3)
  A kobold (D:2)
  2 withered plants (D:2)
17 creatures vanquished.

Vanquished Creatures (others)
  149 withered plants (D:2)
149 creatures vanquished.

Grand Total: 311 creatures vanquished

Notes
Turn   | Place    | Note
-------+----------+-------------------------------------------
     0 | D:1      | Kalegnar the Gnoll Mummy began the quest for the Orb.
     0 | D:1      | Reached XP level 1. HP: 13/13 MP: 6/6
    15 | D:1      | Identified a scroll of acquirement
   150 | D:1      | Reached XP level 2. HP: 19/19 MP: 7/7
   212 | D:1      | Reached skill level 5 in Spellcasting
   289 | D:1      | Reached XP level 3. HP: 9/25 MP: 7/9
   304 | D:1      | Learned a level 3 spell: Vampiric Draining
   308 | D:1      | Learned a level 3 spell: Pryten's Skeletal Uprising
   358 | D:1      | Reached skill level 1 in Fighting
   360 | D:1      | Reached skill level 1 in Invocations
   360 | D:1      | Reached XP level 4. HP: 24/32 MP: 8/11
   497 | D:1      | Reached skill level 1 in Short Blades
   497 | D:1      | Reached skill level 1 in Long Blades
   497 | D:1      | Reached skill level 1 in Axes & Hammers
   497 | D:1      | Reached skill level 1 in Polearms
   497 | D:1      | Reached skill level 1 in Maces & Staves
   497 | D:1      | Reached skill level 1 in Slings
   497 | D:1      | Reached skill level 1 in Bows
   497 | D:1      | Reached skill level 1 in Crossbows
   497 | D:1      | Reached skill level 1 in Armour
   497 | D:1      | Reached skill level 1 in Shields
   497 | D:1      | Reached skill level 1 in Unarmed Combat
   497 | D:1      | Reached skill level 1 in Evocations
   743 | D:2      | Noticed a big kobold
   764 | D:2      | Killed a big kobold
   764 | D:2      | Reached skill level 1 in Hexes
   764 | D:2      | Reached skill level 1 in Charms
   764 | D:2      | Reached skill level 1 in Summonings
   764 | D:2      | Reached skill level 1 in Translocations
   764 | D:2      | Reached skill level 1 in Transmutations
   764 | D:2      | Reached skill level 1 in Fire Magic
   764 | D:2      | Reached skill level 1 in Ice Magic
   764 | D:2      | Reached skill level 1 in Air Magic
   764 | D:2      | Reached skill level 1 in Earth Magic
   764 | D:2      | Reached skill level 1 in Poison Magic
   764 | D:2      | Reached XP level 5. HP: 28/37 MP: 6/12
   861 | D:2      | Reached XP level 6. HP: 34/44 MP: 10/14
   867 | D:2      | Learned a level 4 spell: Animate Dead
   887 | D:2      | Found a burning altar of Makhleb.
   905 | D:2      | Upgraded the game from 0.02-191-gb045634 to
                  | 0.02-195-g79a12fe
   912 | D:2      | Became a worshipper of Makhleb the Destroyer
  1221 | D:2      | Found a white marble altar of Elyvilon.
  1325 | D:2      | Reached XP level 7. HP: 17/50 MP: 6/15
  1330 | D:2      | Reached * piety under Makhleb
  1684 | D:2      | Reached skill level 5 in Whips & Flails
  2431 | D:3      | Reached XP level 8. HP: 37/57 MP: 9/17
  2447 | D:3      | Identified the cursed ring "Woafar" {Dex+4 Stlth+, (Curse:
                  | Fragile rF- Int-2)}
  2610 | D:3      | Reached ** piety under Makhleb
  2619 | D:3      | Reached skill level 5 in Stealth
  3202 | D:4      | Found a staircase to the Ecumenical Temple.
  3237 | D:4      | Reached XP level 9. HP: 30/65 MP: 4/19
  3465 | D:4      | Identified the cursed amulet "Itwe" {Gourm MP+9 Int+4
                  | Dex+3, (Curse: *Drain Str-4)}
  3738 | D:5      | Entered Level 5 of the Dungeon
  3856 | D:5      | HP: 3/66 [centaur (8)]
  3856 | D:5      | HP: 1/66 [orc wizard/+4 dagger (2)]
  3862 | D:5      | Slain by a worker ant

Levels and vault maps discovered:
D:1:      denvon_arrival_planthouse, layout_basic, serial_glass,
          glass_columns_c, glass_columns_a, portal_sewer_entry_e
D:2:      layout_sewer, elyvilon_altar_5, disused_pipe, makhleb_heckhound_becter
D:3:      layout_loops_ring, first_ration, grunt_ogre_cave
D:4:      layout_big_octagon, minmay_temple_entry_butterflies
D:5:      layout_basic, lair_entry_dummy

Skill      XL: |  1  2  3  4  5  6  7  8  9 |
---------------+----------------------------+-----
Spellcasting   | 5 6 7 |  7.4
Fighting       | 1 2 3 4 |  4.4
Invocations    | 1 2 3 4 |  4.0
Short Blades   | 1 2 3 |  3.6
Long Blades    | 1 2 3 |  3.6
Axes & Hammers | 1 2 3 |  3.6
Polearms       | 1 2 3 |  3.6
Maces & Staves | 1 2 3 |  3.6
Slings         | 1 2 3 |  3.6
Bows           | 1 2 3 |  3.6
Crossbows      | 1 2 3 |  3.6
Armour         | 1 2 3 |  3.6
Shields        | 1 2 3 |  3.6
Unarmed Combat | 1 2 3 |  3.6
Evocations     | 1 2 3 |  3.6
Hexes          | 1 2 3 |  3.0
Charms         | 1 2 3 |  3.0
Summonings     | 1 2 3 |  3.0
Translocations | 1 2 3 |  3.0
Transmutations | 1 2 3 |  3.0
Fire Magic     | 1 2 3 |  3.0
Ice Magic      | 1 2 3 |  3.0
Air Magic      | 1 2 3 |  3.0
Earth Magic    | 1 2 3 |  3.0
Poison Magic   | 1 2 3 |  3.0
Whips & Flails | 5 |  5.9
Necromancy     | 6 7 |  7.1
Dodging        | 7 |  7.5
Stealth        | 5 |  5.6

Action                   |  1- 3 |  4- 6 |  7- 9 || total
-------------------------+-------+-------+-------++-------
Melee: Whip              |    37 |   151 |   262 ||   450
       Unarmed           |    26 |   132 |   213 ||   371
       Bite              |     4 |    15 |    41 ||    60
       Dagger            |       |       |    18 ||    18
 Cast: Pain              |     7 |    29 |    80 ||   116
       Pryten's Skeletal |     1 |       |       ||     1
       Vampiric Draining |       |     8 |    38 ||    46
       Animate Dead      |       |     1 |     6 ||     7
Invok: Minor Destruction |       |       |     1 ||     1
 Stab: Sleeping          |     3 |     1 |    13 ||    17
       Distracted        |       |       |     1 ||     1
Armor: Leather armour    |     2 |    16 |    56 ||    74
Dodge: Dodged            |    22 |   112 |   246 ||   380
